[ AOE2 MATCH · #467478232 ]
UnrankedMaya vs Bohemians
[ REPLAY ANALYSIS · EXTRACTED FROM THE RECORDED GAME ]
Feudal
14:15
Castle
17:54
Imperial
—
| APM avg | 37.4 |
| APM peak | 94 |
| eAPM avg | 20.2 |
| Villagers / military | 115 / 44 |
Focus
⚔️ 33.9% · 🌾 66.1%
Plumed Archer ×33 · Fishing Ship ×8 · Mangonel ×7 · Demolition Raft ×4 · Unknown (2626) ×2
Feudal
14:11
Castle
19:46
Imperial
—
| APM avg | 22.0 |
| APM peak | 39 |
| eAPM avg | 14.2 |
| Villagers / military | 124 / 11 |
Focus
⚔️ 22.4% · 🌾 77.6%
Knight ×8 · Fishing Ship ×8 · Leitis ×2 · Monk ×1
Feudal
14:49
Castle
19:14
Imperial
28:30
| APM avg | 50.6 |
| APM peak | 87 |
| eAPM avg | 25.2 |
| Villagers / military | 69 / 20 |
Focus
⚔️ 28.4% · 🌾 71.6%
Unknown (2626) ×48 · Fishing Ship ×37 · Hussite Wagon ×18 · Fire Galley ×2
Feudal
15:41
Castle
19:40
Imperial
27:43
| APM avg | 44.3 |
| APM peak | 89 |
| eAPM avg | 27.2 |
| Villagers / military | 124 / 66 |
Focus
⚔️ 31.3% · 🌾 68.7%
Kipchak ×51 · Fishing Ship ×32 · Trebuchet (Packed) ×7 · Scorpion ×4 · Unknown (2626) ×4 · Battering Ram ×2
Feudal
11:59
Castle
15:55
Imperial
34:03
| APM avg | 31.8 |
| APM peak | 78 |
| eAPM avg | 18.2 |
| Villagers / military | 127 / 85 |
Focus
⚔️ 26.4% · 🌾 73.6%
Archer ×82 · Fishing Ship ×7 · Mangonel ×3
Feudal
12:07
Castle
16:03
Imperial
31:04
| APM avg | 35.7 |
| APM peak | 71 |
| eAPM avg | 22.1 |
| Villagers / military | 121 / 60 |
Focus
⚔️ 31.4% · 🌾 68.6%
Longbowman ×53 · Fishing Ship ×17 · Unknown (2626) ×12 · Trebuchet (Packed) ×7
Feudal
13:04
Castle
19:04
Imperial
—
| APM avg | 31.2 |
| APM peak | 59 |
| eAPM avg | 19.8 |
| Villagers / military | 138 / 38 |
Focus
⚔️ 26.0% · 🌾 74.0%
Unknown (2626) ×61 · Demolition Raft ×24 · Fire Galley ×12 · Fishing Ship ×6 · Galley ×2
Feudal
15:31
Castle
19:04
Imperial
31:27
| APM avg | 48.7 |
| APM peak | 76 |
| eAPM avg | 34.6 |
| Villagers / military | 204 / 149 |
Focus
⚔️ 30.8% · 🌾 69.2%
Huskarl ×141 · Fishing Ship ×25 · Unknown (2626) ×15 · Monk ×8
Match map
Initial resources + every placement click. Lines = walls · curves = elevation contours. ◆ gold · ⬟ stone · ● berries · ✦ relic · ◌ wall gap
Your base· Open — unwalled flank
Sorrateiro's base· Open — 6t gap
NOC | Running's base· Open — 4t gap
Nervkeks's base· Open — 14t gap
Wiwu's base· Open — 9t gap
NOC | Madtomski's base· Open — 6t gap
Ainz_Own_Goal's base· Open — unwalled flank
NOC | Mr.Dobbsn's base· Open — 4t gap
Smoothed initial terrain · ◌ = detected wall gap · hover for details
Inputs per minute
— DYS.Chipmunk - - Sorrateiro
Build order — DYS.Chipmunk
First 150 of 267 actions detected
| 0:46 | Build | Town Center |
| 1:37 | Build | Dock |
| 1:41 | Build | House |
| 2:53 | Create | Villager (Male) |
| 2:53 | Create | Villager (Male) |
| 2:56 | Create | Villager (Male) |
| 3:07 | Build | Palisade Wall |
| 3:09 | Build | Palisade Wall |
| 3:11 | Build | Palisade Wall |
| 3:12 | Build | Palisade Wall |
| 3:13 | Build | Palisade Wall |
| 3:51 | Create | Fishing Ship |
| 4:10 | Research | Loom |
| 4:29 | Build | House |
| 4:52 | Create | Villager (Male) |
| 5:21 | Create | Villager (Male) |
| 5:47 | Create | Villager (Male) |
| 5:49 | Create | Fishing Ship |
| 6:03 | Create | Villager (Male) |
| 6:21 | Build | House |
| 6:28 | Create | Villager (Male) |
| 6:58 | Create | Villager (Male) |
| 7:07 | Create | Fishing Ship |
| 7:32 | Create | Villager (Male) |
| 7:35 | Create | Fishing Ship |
| 7:55 | Create | Villager (Male) |
| 8:15 | Build | House |
| 8:15 | Create | Villager (Male) |
| 8:25 | Create | Fishing Ship |
| 8:26 | Create | Villager (Male) |
| 8:42 | Build | Mill |
| 8:57 | Create | Fishing Ship |
| 9:05 | Build | Palisade Wall |
| 9:06 | Build | Palisade Wall |
| 9:09 | Build | Palisade Wall |
| 9:14 | Create | Villager (Male) |
| 9:20 | Create | Villager (Male) |
| 9:32 | Create | Fishing Ship |
| 9:42 | Build | House |
| 9:57 | Build | House |
| 10:04 | Create | Villager (Male) |
| 10:17 | Create | Fishing Ship |
| 10:33 | Create | Villager (Male) |
| 10:42 | Create | Villager (Male) |
| 11:12 | Build | Dock |
| 11:34 | Create | Villager (Male) |
| 11:52 | Build | Mining Camp |
| 12:05 | Research | Feudal Age |
| 12:53 | Create | Villager (Male) |
| 13:34 | Build | House |
| 14:15 | Age | Feudal Age |
| 14:18 | Build | Market |
| 14:23 | Build | Blacksmith |
| 14:47 | Create | Villager (Male) |
| 14:48 | Create | Villager (Male) |
| 15:14 | Research | Castle Age |
| 15:22 | Build | Lumber Camp |
| 16:03 | Research | Double-Bit Axe |
| 16:23 | Research | Gold Mining |
| 16:23 | Research | Gold Mining |
| 16:44 | Research | Stone Mining |
| 16:56 | Build | Outpost |
| 17:05 | Build | House |
| 17:27 | Create | Unit 2626 |
| 17:27 | Create | Unit 2626 |
| 17:32 | Research | Fletching |
| 17:54 | Age | Castle Age |
| 18:03 | Create | Villager (Male) |
| 18:03 | Create | Villager (Male) |
| 18:23 | Build | Castle |
| 18:31 | Create | Villager (Male) |
| 18:35 | Research | Bow Saw |
| 18:39 | Research | Horse Collar |
| 18:41 | Create | Villager (Male) |
| 18:50 | Research | Bodkin Arrow |
| 18:51 | Create | Villager (Male) |
| 19:12 | Create | Villager (Male) |
| 19:14 | Create | Villager (Male) |
| 19:22 | Build | Town Center |
| 19:24 | Create | Villager (Male) |
| 19:48 | Research | Tech 905 |
| 19:56 | Build | House |
| 19:58 | Create | Villager (Male) |
| 20:03 | Build | Lumber Camp |
| 20:09 | Create | Plumed Archer |
| 20:09 | Create | Plumed Archer |
| 20:11 | Create | Villager (Male) |
| 20:24 | Create | Villager (Male) |
| 20:37 | Create | Villager (Male) |
| 20:52 | Create | Villager (Male) |
| 21:00 | Create | Demolition Raft |
| 21:00 | Create | Demolition Raft |
| 21:04 | Create | Villager (Male) |
| 21:18 | Build | House |
| 21:25 | Research | Horse Collar |
| 21:26 | Create | Villager (Male) |
| 21:28 | Create | Plumed Archer |
| 21:34 | Create | Villager (Male) |
| 21:53 | Create | Demolition Raft |
| 21:53 | Create | Demolition Raft |
| 22:00 | Create | Plumed Archer |
| 22:00 | Create | Plumed Archer |
| 22:27 | Build | House |
| 22:27 | Create | Villager (Male) |
| 22:35 | Create | Plumed Archer |
| 22:35 | Create | Plumed Archer |
| 23:04 | Create | Villager (Male) |
| 23:06 | Create | Plumed Archer |
| 23:06 | Create | Plumed Archer |
| 23:06 | Create | Plumed Archer |
| 23:06 | Create | Plumed Archer |
| 23:17 | Build | Farm |
| 23:17 | Build | Farm |
| 23:17 | Build | Farm |
| 23:17 | Build | Farm |
| 23:23 | Create | Villager (Male) |
| 23:27 | Create | Plumed Archer |
| 23:28 | Create | Plumed Archer |
| 23:29 | Build | Farm |
| 23:30 | Build | Farm |
| 23:46 | Build | House |
| 23:55 | Create | Plumed Archer |
| 24:01 | Build | Siege Workshop |
| 24:04 | Build | Farm |
| 24:10 | Create | Villager (Male) |
| 24:13 | Create | Villager (Male) |
| 24:14 | Create | Plumed Archer |
| 24:14 | Create | Plumed Archer |
| 24:15 | Create | Plumed Archer |
| 24:16 | Create | Villager (Male) |
| 24:17 | Create | Villager (Male) |
| 24:20 | Create | Plumed Archer |
| 24:28 | Create | Villager (Male) |
| 24:43 | Create | Plumed Archer |
| 24:56 | Create | Mangonel |
| 25:00 | Create | Villager (Male) |
| 25:01 | Create | Villager (Male) |
| 25:08 | Build | House |
| 25:18 | Create | Villager (Male) |
| 25:24 | Build | Farm |
| 25:28 | Build | Farm |
| 25:29 | Build | Farm |
| 25:32 | Create | Villager (Male) |
| 25:34 | Build | Farm |
| 25:35 | Build | Farm |
| 25:48 | Create | Villager (Male) |
| 26:01 | Create | Villager (Male) |
| 26:14 | Create | Villager (Male) |
| 26:20 | Build | House |
| 26:35 | Build | Castle |
Build order — Sorrateiro
First 150 of 231 actions detected
| 0:26 | Build | Dock |
| 0:54 | Build | Town Center |
| 1:09 | Build | House |
| 1:11 | Build | Palisade Wall |
| 1:12 | Build | Palisade Wall |
| 3:23 | Create | Villager (Male) ×5 |
| 3:24 | Create | Villager (Male) ×5 |
| 3:24 | Create | Villager (Male) |
| 4:05 | Create | Villager (Male) |
| 4:32 | Create | Fishing Ship |
| 5:02 | Build | House |
| 5:33 | Create | Villager (Male) |
| 5:56 | Create | Fishing Ship |
| 6:27 | Create | Villager (Male) |
| 6:53 | Build | House |
| 6:56 | Create | Villager (Male) |
| 7:11 | Research | Loom |
| 7:19 | Create | Fishing Ship |
| 7:34 | Create | Villager (Male) |
| 7:44 | Build | House |
| 8:02 | Create | Villager (Male) |
| 8:09 | Create | Fishing Ship |
| 8:09 | Create | Fishing Ship |
| 8:25 | Create | Villager (Male) |
| 9:07 | Create | Villager (Male) |
| 9:32 | Build | House |
| 9:33 | Create | Fishing Ship |
| 9:47 | Create | Villager (Male) |
| 10:01 | Build | Palisade Wall |
| 10:04 | Build | Palisade Wall |
| 10:06 | Create | Villager (Male) |
| 10:17 | Create | Fishing Ship |
| 10:24 | Create | Villager (Male) |
| 10:31 | Build | Lumber Camp |
| 10:45 | Create | Fishing Ship |
| 11:05 | Create | Villager (Male) |
| 11:07 | Create | Villager (Male) |
| 12:01 | Research | Feudal Age |
| 13:24 | Build | Barracks |
| 14:11 | Age | Feudal Age |
| 14:12 | Create | Villager (Male) |
| 14:14 | Build | Stable |
| 14:20 | Build | Blacksmith |
| 14:32 | Create | Villager (Male) |
| 14:50 | Research | Town Watch |
| 14:51 | Build | House |
| 14:59 | Build | Mill |
| 15:21 | Create | Villager (Male) |
| 15:32 | Build | Mill |
| 15:33 | Create | Villager (Male) |
| 16:17 | Create | Villager (Male) |
| 16:32 | Build | Mill |
| 17:06 | Research | Castle Age |
| 17:58 | Research | Double-Bit Axe |
| 17:59 | Research | Horse Collar |
| 18:41 | Build | House |
| 18:58 | Build | Dock |
| 19:03 | Build | Dock |
| 19:46 | Age | Castle Age |
| 19:47 | Create | Villager (Male) |
| 19:48 | Create | Knight |
| 19:49 | Create | Knight |
| 20:07 | Build | Monastery |
| 20:10 | Create | Villager (Male) |
| 20:19 | Research | Bow Saw |
| 20:25 | Build | House |
| 20:28 | Create | Villager (Male) |
| 20:30 | Build | House |
| 20:33 | Build | House |
| 20:39 | Create | Villager (Male) |
| 20:41 | Create | Knight |
| 20:45 | Create | Monk |
| 20:59 | Create | Villager (Male) |
| 21:06 | Create | Knight |
| 21:14 | Build | Lumber Camp |
| 21:26 | Create | Knight |
| 21:40 | Create | Villager (Male) |
| 22:03 | Create | Knight |
| 22:05 | Create | Villager (Male) |
| 22:09 | Build | Town Center |
| 22:27 | Create | Villager (Male) |
| 23:02 | Create | Villager (Male) ×5 |
| 23:03 | Create | Villager (Male) |
| 23:42 | Create | Villager (Male) ×4 |
| 23:51 | Create | Villager (Male) |
| 23:55 | Build | Town Center |
| 23:57 | Build | Farm |
| 23:58 | Build | Farm |
| 23:58 | Build | Farm |
| 23:58 | Build | Farm |
| 24:00 | Build | Farm |
| 24:19 | Create | Villager (Male) ×2 |
| 24:22 | Build | Farm |
| 24:22 | Build | Farm |
| 24:22 | Build | Farm |
| 24:25 | Build | Farm |
| 24:26 | Build | Farm |
| 24:43 | Build | House |
| 24:44 | Build | House |
| 24:45 | Build | House |
| 24:46 | Build | House |
| 25:11 | Create | Villager (Male) ×4 |
| 25:14 | Build | Farm |
| 25:15 | Build | Farm |
| 25:15 | Build | Farm |
| 25:15 | Build | Farm |
| 25:15 | Build | Farm |
| 25:16 | Build | Farm |
| 25:40 | Create | Knight |
| 26:01 | Create | Villager (Male) ×4 |
| 26:10 | Build | Market |
| 26:29 | Research | Scale Barding Armor |
| 26:41 | Build | Mining Camp |
| 27:03 | Build | Town Center |
| 27:07 | Create | Villager (Male) ×4 |
| 27:10 | Build | House |
| 27:11 | Build | House |
| 27:13 | Build | House |
| 27:13 | Build | House |
| 27:47 | Build | Town Center |
| 27:56 | Create | Villager (Male) ×5 |
| 28:03 | Research | Gold Mining |
| 28:11 | Research | Heavy Plow |
| 28:12 | Research | Heavy Plow |
| 28:16 | Research | Stone Mining |
| 28:19 | Create | Villager (Male) |
| 28:33 | Create | Villager (Male) ×5 |
| 28:38 | Build | Outpost |
| 28:51 | Build | Farm |
| 28:51 | Build | Farm |
| 28:52 | Build | Farm |
| 28:52 | Build | Farm |
| 28:52 | Build | Farm |
| 28:52 | Build | Farm |
| 28:53 | Build | Farm |
| 28:54 | Build | Farm |
| 28:59 | Create | Villager (Male) ×2 |
| 29:07 | Build | Outpost |
| 29:13 | Build | Outpost |
| 29:15 | Build | Outpost |
| 29:16 | Build | Outpost |
| 29:19 | Create | Villager (Male) ×4 |
| 29:24 | Build | Farm |
| 29:25 | Build | Farm |
| 29:25 | Build | Farm |
| 29:27 | Build | Farm |
| 29:41 | Build | Farm |
| 29:44 | Build | Farm |
| 29:46 | Build | Farm |
| 29:47 | Create | Villager (Male) ×4 |
Build order — NOC | Running
First 150 of 255 actions detected
| 0:11 | Build | Town Center |
| 0:33 | Build | Dock |
| 2:31 | Create | Villager (Male) |
| 2:31 | Create | Villager (Male) |
| 2:32 | Create | Villager (Male) |
| 2:32 | Create | Villager (Male) |
| 2:32 | Create | Villager (Male) |
| 2:35 | Build | House |
| 3:13 | Create | Villager (Male) |
| 3:53 | Create | Fishing Ship |
| 4:24 | Build | House |
| 4:28 | Research | Loom |
| 4:57 | Create | Villager (Male) |
| 4:58 | Create | Villager (Male) |
| 5:06 | Create | Fishing Ship |
| 5:07 | Create | Fishing Ship |
| 5:22 | Create | Villager (Male) |
| 5:23 | Create | Villager (Male) |
| 5:46 | Create | Villager (Male) |
| 6:00 | Create | Fishing Ship |
| 6:06 | Build | House |
| 6:19 | Create | Villager (Male) |
| 6:19 | Create | Villager (Male) |
| 6:35 | Create | Villager (Male) |
| 6:35 | Create | Villager (Male) |
| 6:53 | Create | Fishing Ship |
| 7:02 | Create | Villager (Male) |
| 7:02 | Create | Villager (Male) |
| 7:03 | Create | Villager (Male) |
| 7:19 | Build | House |
| 7:27 | Create | Villager (Male) |
| 7:53 | Create | Fishing Ship |
| 8:07 | Create | Villager (Male) |
| 8:25 | Create | Villager (Male) |
| 8:25 | Create | Villager (Male) |
| 8:39 | Create | Fishing Ship |
| 8:42 | Build | House |
| 9:11 | Create | Villager (Male) |
| 9:12 | Create | Fishing Ship |
| 9:25 | Create | Villager (Male) |
| 9:25 | Create | Villager (Male) |
| 9:33 | Create | Fishing Ship |
| 9:39 | Build | Lumber Camp |
| 10:11 | Create | Villager (Male) |
| 10:11 | Create | Villager (Male) |
| 10:23 | Build | Dock |
| 10:33 | Build | House |
| 10:37 | Create | Villager (Male) |
| 10:56 | Create | Fishing Ship |
| 11:09 | Create | Fishing Ship |
| 11:28 | Create | Villager (Male) |
| 11:28 | Create | Villager (Male) |
| 11:43 | Create | Fishing Ship |
| 11:43 | Create | Fishing Ship |
| 11:54 | Build | House |
| 12:06 | Build | Dock |
| 12:16 | Create | Fishing Ship |
| 12:17 | Create | Fishing Ship |
| 12:39 | Research | Feudal Age |
| 12:39 | Research | Feudal Age |
| 12:48 | Build | Mining Camp |
| 12:52 | Build | House |
| 12:57 | Create | Fishing Ship |
| 12:57 | Create | Fishing Ship |
| 12:57 | Create | Fishing Ship |
| 13:26 | Create | Fishing Ship |
| 13:26 | Create | Fishing Ship |
| 13:44 | Create | Fishing Ship |
| 13:48 | Create | Villager (Male) |
| 13:48 | Create | Villager (Male) |
| 13:51 | Build | House |
| 14:49 | Age | Feudal Age |
| 14:51 | Build | Blacksmith |
| 14:52 | Build | Stone Wall |
| 14:55 | Build | Mill |
| 14:57 | Create | Unit 2626 |
| 14:57 | Create | Unit 2626 |
| 15:04 | Research | Double-Bit Axe |
| 15:04 | Research | Double-Bit Axe |
| 15:20 | Create | Villager (Male) |
| 15:43 | Build | Market |
| 15:46 | Create | Villager (Male) |
| 15:52 | Build | House |
| 15:57 | Create | Unit 2626 |
| 15:57 | Create | Unit 2626 |
| 15:57 | Create | Unit 2626 |
| 16:34 | Research | Castle Age |
| 16:34 | Research | Castle Age |
| 16:35 | Create | Fire Galley |
| 16:36 | Create | Fire Galley |
| 16:57 | Build | Dock |
| 17:01 | Create | Unit 2626 |
| 17:02 | Create | Unit 2626 |
| 17:17 | Create | Villager (Male) |
| 17:17 | Create | Villager (Male) |
| 17:29 | Create | Unit 2626 |
| 17:30 | Create | Unit 2626 |
| 17:47 | Create | Unit 2626 |
| 17:47 | Create | Unit 2626 |
| 18:11 | Research | Forging |
| 18:11 | Research | Forging |
| 18:15 | Build | House |
| 18:30 | Create | Unit 2626 |
| 18:30 | Create | Unit 2626 |
| 18:34 | Build | House |
| 19:09 | Build | House |
| 19:14 | Age | Castle Age |
| 19:17 | Research | War Galley (upgrade) |
| 19:18 | Research | War Galley (upgrade) |
| 19:18 | Research | Fletching |
| 19:18 | Research | Fletching |
| 19:21 | Research | Iron Casting |
| 19:23 | Research | Tech 906 |
| 19:23 | Research | Tech 906 |
| 19:25 | Create | Unit 2626 |
| 19:37 | Build | Mining Camp |
| 19:41 | Build | Mining Camp |
| 19:45 | Build | Mining Camp |
| 19:48 | Research | Bow Saw |
| 19:54 | Create | Villager (Male) |
| 19:55 | Create | Villager (Male) |
| 20:05 | Create | Unit 2626 |
| 20:05 | Create | Unit 2626 |
| 20:30 | Create | Unit 2626 |
| 20:31 | Create | Unit 2626 |
| 20:34 | Create | Villager (Male) |
| 20:34 | Create | Villager (Male) |
| 21:02 | Create | Villager (Male) |
| 21:02 | Create | Villager (Male) |
| 21:02 | Create | Villager (Male) |
| 21:05 | Create | Fishing Ship |
| 21:06 | Create | Fishing Ship |
| 21:06 | Create | Fishing Ship |
| 21:06 | Create | Fishing Ship |
| 21:51 | Create | Fishing Ship |
| 21:51 | Create | Fishing Ship |
| 21:53 | Build | House |
| 22:01 | Research | Gillnets |
| 22:01 | Research | Gillnets |
| 22:49 | Build | Castle |
| 23:01 | Create | Villager (Male) |
| 23:01 | Create | Villager (Male) |
| 23:02 | Create | Fishing Ship |
| 23:02 | Create | Fishing Ship |
| 23:02 | Create | Fishing Ship |
| 23:02 | Create | Fishing Ship |
| 23:20 | Build | Dock |
| 23:34 | Build | Palisade Wall |
| 23:39 | Create | Hussite Wagon |
| 23:40 | Create | Hussite Wagon |
Build order — Nervkeks
First 150 of 325 actions detected
| 0:09 | Build | Town Center |
| 2:08 | Build | Dock |
| 2:32 | Create | Villager (Male) |
| 2:32 | Create | Villager (Male) |
| 2:33 | Create | Villager (Male) |
| 2:33 | Build | House |
| 2:35 | Create | Villager (Male) |
| 2:35 | Create | Villager (Male) |
| 3:43 | Create | Fishing Ship |
| 4:12 | Create | Villager (Male) |
| 4:12 | Create | Villager (Male) |
| 4:19 | Build | House |
| 4:37 | Research | Loom |
| 4:57 | Create | Villager (Male) |
| 5:09 | Create | Fishing Ship |
| 5:26 | Create | Villager (Male) |
| 5:26 | Create | Villager (Male) |
| 5:45 | Create | Fishing Ship |
| 5:50 | Create | Villager (Male) |
| 5:50 | Create | Villager (Male) |
| 6:18 | Build | House |
| 6:22 | Create | Villager (Male) |
| 6:38 | Create | Fishing Ship |
| 6:47 | Create | Villager (Male) |
| 7:06 | Create | Villager (Male) |
| 7:06 | Create | Villager (Male) |
| 7:10 | Create | Fishing Ship |
| 7:21 | Build | House |
| 7:26 | Create | Villager (Male) |
| 7:26 | Create | Villager (Male) |
| 7:37 | Build | House |
| 7:42 | Create | Villager (Male) |
| 8:09 | Create | Fishing Ship |
| 8:20 | Create | Villager (Male) |
| 8:39 | Create | Fishing Ship |
| 8:42 | Create | Villager (Male) |
| 8:43 | Create | Villager (Male) |
| 9:02 | Build | Dock |
| 9:08 | Create | Villager (Male) |
| 9:09 | Create | Villager (Male) |
| 9:09 | Create | Villager (Male) |
| 9:25 | Create | Villager (Male) |
| 9:25 | Create | Villager (Male) |
| 9:28 | Create | Fishing Ship |
| 9:48 | Create | Fishing Ship |
| 9:49 | Create | Fishing Ship |
| 9:53 | Build | House |
| 9:59 | Create | Villager (Male) |
| 9:59 | Create | Villager (Male) |
| 10:06 | Create | Fishing Ship |
| 10:21 | Create | Villager (Male) |
| 10:34 | Create | Fishing Ship |
| 10:41 | Create | Villager (Male) |
| 10:41 | Create | Villager (Male) |
| 10:52 | Build | Lumber Camp |
| 10:59 | Build | House |
| 11:10 | Create | Fishing Ship |
| 11:32 | Create | Fishing Ship |
| 11:37 | Build | House |
| 11:40 | Create | Villager (Male) |
| 11:47 | Create | Fishing Ship |
| 11:56 | Create | Fishing Ship |
| 12:00 | Create | Villager (Male) |
| 12:04 | Create | Villager (Male) |
| 12:19 | Build | Lumber Camp |
| 12:21 | Create | Fishing Ship |
| 12:22 | Create | Fishing Ship |
| 12:46 | Create | Fishing Ship |
| 12:46 | Create | Fishing Ship |
| 13:07 | Build | Dock |
| 13:13 | Research | Feudal Age |
| 13:13 | Research | Feudal Age |
| 13:23 | Build | Mining Camp |
| 13:31 | Build | House |
| 13:47 | Create | Fishing Ship |
| 13:47 | Create | Fishing Ship |
| 13:49 | Build | House |
| 13:51 | Create | Villager (Male) |
| 13:51 | Create | Villager (Male) |
| 14:31 | Create | Fishing Ship |
| 14:31 | Create | Fishing Ship |
| 14:31 | Create | Fishing Ship |
| 14:57 | Build | House |
| 15:41 | Age | Feudal Age |
| 15:46 | Build | Mill |
| 15:48 | Build | Blacksmith |
| 15:49 | Research | Double-Bit Axe |
| 15:52 | Research | Tech 906 |
| 15:58 | Build | House |
| 16:00 | Build | House |
| 16:10 | Build | Palisade Wall |
| 16:10 | Build | Palisade Wall |
| 16:11 | Build | Palisade Wall |
| 16:15 | Build | Market |
| 16:30 | Create | Villager (Male) |
| 16:34 | Research | Town Watch |
| 16:34 | Research | Town Watch |
| 16:58 | Create | Fishing Ship |
| 16:58 | Create | Fishing Ship |
| 16:58 | Create | Fishing Ship |
| 17:00 | Research | Castle Age |
| 17:01 | Research | Castle Age |
| 17:12 | Build | Palisade Wall |
| 17:16 | Research | Gold Mining |
| 17:31 | Create | Villager (Male) |
| 17:37 | Create | Fishing Ship |
| 17:37 | Create | Fishing Ship |
| 17:38 | Create | Fishing Ship |
| 17:38 | Create | Fishing Ship |
| 18:32 | Build | Dock |
| 18:46 | Create | Unit 2626 |
| 18:47 | Create | Unit 2626 |
| 18:47 | Create | Unit 2626 |
| 18:48 | Create | Unit 2626 |
| 18:56 | Create | Villager (Male) |
| 19:40 | Age | Castle Age |
| 19:44 | Build | Town Center |
| 19:55 | Build | Town Center |
| 19:58 | Research | Bow Saw |
| 20:02 | Build | University |
| 20:06 | Build | Monastery |
| 20:11 | Create | Villager (Male) |
| 20:14 | Build | Siege Workshop |
| 20:34 | Research | Wheelbarrow |
| 20:46 | Create | Scorpion |
| 20:50 | Create | Villager (Male) |
| 20:53 | Create | Monk |
| 21:01 | Build | Lumber Camp |
| 21:15 | Research | Gillnets |
| 21:22 | Create | Villager (Male) |
| 21:27 | Create | Villager (Male) |
| 21:27 | Create | Villager (Male) |
| 21:33 | Build | House |
| 21:36 | Build | House |
| 21:38 | Build | House |
| 21:47 | Build | Outpost |
| 21:52 | Create | Villager (Male) |
| 21:52 | Create | Villager (Male) |
| 21:55 | Create | Villager (Male) |
| 22:04 | Build | Mining Camp |
| 22:16 | Create | Villager (Male) |
| 22:29 | Create | Villager (Male) |
| 22:29 | Create | Villager (Male) |
| 22:38 | Research | Gold Shaft Mining |
| 22:44 | Create | Villager (Male) |
| 22:44 | Create | Villager (Male) |
| 22:49 | Create | Scorpion |
| 22:54 | Build | Mining Camp |
| 23:04 | Create | Villager (Male) |
| 23:07 | Research | Stone Mining |
Build order — Wiwu
First 150 of 317 actions detected
| 0:18 | Build | Town Center |
| 0:43 | Build | Dock |
| 0:47 | Build | House |
| 2:40 | Create | Villager (Male) |
| 2:40 | Create | Villager (Male) |
| 2:40 | Create | Villager (Male) |
| 2:41 | Create | Villager (Male) |
| 3:49 | Create | Villager (Male) |
| 3:52 | Create | Fishing Ship |
| 4:14 | Build | House |
| 4:46 | Research | Loom |
| 4:57 | Create | Villager (Male) |
| 4:58 | Create | Villager (Male) |
| 4:58 | Create | Fishing Ship |
| 4:59 | Create | Fishing Ship |
| 5:21 | Create | Villager (Male) |
| 5:55 | Create | Fishing Ship |
| 5:55 | Create | Fishing Ship |
| 5:59 | Create | Villager (Male) |
| 6:00 | Create | Villager (Male) |
| 6:18 | Build | House |
| 6:23 | Create | Villager (Male) |
| 6:53 | Create | Villager (Male) |
| 7:08 | Create | Villager (Male) |
| 7:10 | Create | Fishing Ship |
| 7:16 | Create | Villager (Male) |
| 7:19 | Create | Fishing Ship |
| 7:41 | Build | House |
| 8:05 | Create | Villager (Male) |
| 8:28 | Create | Villager (Male) |
| 8:41 | Build | Mining Camp |
| 8:45 | Create | Villager (Male) |
| 9:16 | Create | Villager (Male) |
| 9:20 | Build | House |
| 9:46 | Research | Feudal Age |
| 10:15 | Build | Mill |
| 10:29 | Build | House |
| 11:48 | Create | Villager (Male) |
| 11:48 | Create | Villager (Male) |
| 11:59 | Age | Feudal Age |
| 12:07 | Build | Market |
| 12:10 | Build | Blacksmith |
| 12:43 | Create | Villager (Male) |
| 13:09 | Research | Castle Age |
| 13:16 | Build | Lumber Camp |
| 14:25 | Research | Double-Bit Axe |
| 14:29 | Research | Horse Collar |
| 15:55 | Age | Castle Age |
| 15:56 | Create | Villager (Male) |
| 16:00 | Build | Town Center |
| 16:10 | Build | Town Center |
| 16:20 | Create | Villager (Male) |
| 16:23 | Research | Tech 906 |
| 16:26 | Research | Bow Saw |
| 16:27 | Create | Villager (Male) |
| 16:49 | Create | Villager (Male) |
| 16:51 | Create | Villager (Male) |
| 17:08 | Research | Wheelbarrow |
| 17:27 | Build | Town Center |
| 17:44 | Create | Villager (Male) |
| 17:48 | Create | Villager (Male) |
| 17:49 | Create | Villager (Male) |
| 17:57 | Create | Villager (Male) |
| 18:05 | Create | Villager (Male) |
| 18:16 | Create | Villager (Male) |
| 18:17 | Create | Villager (Male) |
| 18:28 | Build | Farm |
| 18:30 | Build | Farm |
| 18:34 | Build | Farm |
| 18:46 | Build | Farm |
| 19:02 | Create | Villager (Male) |
| 19:05 | Create | Villager (Male) |
| 19:09 | Build | Farm |
| 19:10 | Build | Farm |
| 19:22 | Create | Villager (Male) |
| 19:25 | Create | Villager (Male) |
| 19:30 | Build | Barracks |
| 19:31 | Create | Villager (Male) |
| 19:40 | Build | Farm |
| 19:42 | Create | Villager (Male) |
| 19:44 | Create | Villager (Male) |
| 19:45 | Create | Villager (Male) |
| 19:54 | Build | House |
| 19:56 | Build | House |
| 20:03 | Build | House |
| 20:04 | Create | Villager (Male) |
| 20:13 | Create | Villager (Male) |
| 20:21 | Build | Farm |
| 20:24 | Build | Farm |
| 20:31 | Create | Villager (Male) |
| 20:33 | Build | Outpost |
| 20:41 | Create | Villager (Male) |
| 20:41 | Create | Villager (Male) |
| 20:49 | Research | Horse Collar |
| 21:02 | Build | Farm |
| 21:04 | Build | Farm |
| 21:05 | Create | Villager (Male) |
| 21:08 | Build | House |
| 21:09 | Build | House |
| 21:11 | Build | House |
| 21:15 | Create | Villager (Male) |
| 21:26 | Create | Villager (Male) |
| 21:26 | Create | Villager (Male) |
| 21:31 | Build | Farm |
| 21:33 | Build | Farm |
| 21:34 | Create | Villager (Male) |
| 21:35 | Create | Villager (Male) |
| 21:42 | Build | Farm |
| 21:49 | Create | Villager (Male) |
| 21:49 | Create | Villager (Male) |
| 22:00 | Create | Villager (Male) |
| 22:12 | Create | Villager (Male) |
| 22:21 | Build | Siege Workshop |
| 22:22 | Create | Villager (Male) |
| 22:26 | Create | Villager (Male) |
| 22:26 | Create | Villager (Male) |
| 22:37 | Build | Farm |
| 22:38 | Build | Farm |
| 22:39 | Create | Villager (Male) |
| 22:41 | Build | Farm |
| 22:44 | Build | Farm |
| 22:45 | Create | Villager (Male) |
| 22:55 | Create | Villager (Male) |
| 23:01 | Build | House |
| 23:05 | Create | Villager (Male) |
| 23:06 | Create | Villager (Male) |
| 23:09 | Create | Villager (Male) |
| 23:10 | Create | Mangonel |
| 23:10 | Create | Mangonel |
| 23:12 | Create | Villager (Male) |
| 23:12 | Create | Villager (Male) |
| 23:16 | Create | Villager (Male) |
| 23:23 | Create | Villager (Male) |
| 23:24 | Create | Villager (Male) |
| 23:35 | Create | Villager (Male) |
| 23:42 | Build | Archery Range |
| 23:44 | Create | Villager (Male) |
| 23:50 | Create | Villager (Male) |
| 23:54 | Create | Villager (Male) |
| 24:02 | Build | Farm |
| 24:06 | Build | Farm |
| 24:08 | Build | Farm |
| 24:09 | Create | Villager (Male) |
| 24:10 | Create | Villager (Male) |
| 24:25 | Build | Archery Range |
| 24:26 | Create | Archer |
| 24:26 | Create | Archer |
| 24:28 | Create | Villager (Male) |
| 24:33 | Create | Villager (Male) |
| 24:36 | Create | Villager (Male) |
Build order — NOC | Madtomski
First 150 of 321 actions detected
| 0:04 | Build | Town Center |
| 0:39 | Build | Dock |
| 0:41 | Build | House |
| 2:27 | Create | Villager (Male) |
| 2:27 | Create | Villager (Male) |
| 2:28 | Create | Villager (Male) |
| 2:30 | Create | Villager (Male) |
| 3:34 | Create | Fishing Ship |
| 3:46 | Create | Villager (Male) |
| 3:51 | Build | House |
| 4:32 | Create | Villager (Male) |
| 4:54 | Create | Villager (Male) |
| 5:00 | Build | House |
| 5:20 | Create | Villager (Male) |
| 5:45 | Create | Fishing Ship |
| 5:45 | Create | Fishing Ship |
| 5:46 | Create | Villager (Male) |
| 6:04 | Create | Villager (Male) |
| 6:21 | Create | Villager (Male) |
| 6:26 | Create | Fishing Ship |
| 6:50 | Create | Villager (Male) |
| 6:59 | Create | Villager (Male) |
| 7:07 | Build | House |
| 7:13 | Create | Fishing Ship |
| 7:13 | Create | Fishing Ship |
| 7:36 | Create | Villager (Male) |
| 7:52 | Create | Fishing Ship |
| 7:52 | Create | Fishing Ship |
| 7:59 | Create | Villager (Male) |
| 8:29 | Create | Fishing Ship |
| 8:36 | Build | House |
| 8:38 | Create | Villager (Male) |
| 8:40 | Create | Villager (Male) |
| 8:46 | Create | Villager (Male) |
| 8:53 | Create | Villager (Male) |
| 8:59 | Create | Villager (Male) |
| 9:18 | Build | Mining Camp |
| 9:20 | Create | Villager (Male) |
| 9:50 | Research | Feudal Age |
| 9:50 | Research | Feudal Age |
| 10:13 | Build | Palisade Wall |
| 10:23 | Build | House |
| 10:33 | Build | House |
| 10:59 | Build | Mill |
| 11:23 | Build | House |
| 11:46 | Build | Lumber Camp |
| 11:50 | Create | Villager (Male) |
| 12:07 | Age | Feudal Age |
| 12:13 | Build | Market |
| 12:28 | Create | Villager (Male) |
| 12:46 | Build | Blacksmith |
| 12:58 | Create | Villager (Male) |
| 13:23 | Research | Castle Age |
| 13:41 | Build | Dock |
| 13:49 | Research | Double-Bit Axe |
| 13:49 | Research | Double-Bit Axe |
| 14:12 | Research | Tech 906 |
| 14:27 | Create | Fishing Ship |
| 14:27 | Create | Fishing Ship |
| 14:40 | Build | Dock |
| 14:50 | Create | Villager (Male) |
| 15:16 | Create | Unit 2626 |
| 15:16 | Create | Unit 2626 |
| 15:25 | Build | House |
| 15:29 | Create | Unit 2626 |
| 15:34 | Create | Villager (Male) |
| 15:54 | Create | Villager (Male) |
| 16:03 | Age | Castle Age |
| 16:06 | Build | Town Center |
| 16:11 | Create | Villager (Male) |
| 16:16 | Create | Villager (Male) |
| 16:24 | Research | Bow Saw |
| 16:36 | Research | War Galley (upgrade) |
| 16:46 | Create | Unit 2626 |
| 16:46 | Create | Unit 2626 |
| 16:49 | Create | Villager (Male) |
| 16:58 | Create | Villager (Male) |
| 17:04 | Build | House |
| 17:05 | Build | House |
| 17:12 | Create | Unit 2626 |
| 17:12 | Create | Unit 2626 |
| 17:27 | Create | Villager (Male) |
| 17:38 | Build | Town Center |
| 17:49 | Create | Villager (Male) |
| 17:58 | Create | Unit 2626 |
| 17:58 | Create | Unit 2626 |
| 18:05 | Create | Unit 2626 |
| 18:14 | Research | Forging |
| 18:20 | Create | Villager (Male) |
| 18:22 | Research | Loom |
| 18:33 | Create | Fishing Ship ×2 |
| 18:47 | Create | Villager (Male) |
| 18:52 | Create | Villager (Male) |
| 18:57 | Create | Fishing Ship |
| 18:57 | Create | Fishing Ship |
| 19:10 | Create | Villager (Male) |
| 19:18 | Research | Horse Collar |
| 19:19 | Research | Horse Collar |
| 19:25 | Create | Villager (Male) |
| 19:28 | Build | Farm |
| 19:30 | Build | Farm |
| 19:33 | Build | Farm |
| 19:34 | Create | Villager (Male) |
| 19:40 | Create | Villager (Male) |
| 19:51 | Create | Villager (Male) |
| 19:54 | Build | Farm |
| 19:56 | Create | Villager (Male) |
| 19:58 | Build | Farm |
| 19:58 | Create | Villager (Male) |
| 20:01 | Build | Farm |
| 20:05 | Create | Unit 2626 |
| 20:05 | Create | Unit 2626 |
| 20:16 | Create | Villager (Male) |
| 20:20 | Build | House |
| 20:20 | Build | House |
| 20:20 | Build | House |
| 20:21 | Build | House |
| 20:24 | Build | House |
| 20:36 | Research | Wheelbarrow |
| 20:44 | Build | Lumber Camp |
| 20:46 | Create | Villager (Male) |
| 20:54 | Create | Villager (Male) |
| 21:00 | Create | Villager (Male) |
| 21:07 | Create | Villager (Male) |
| 21:19 | Build | Town Center |
| 21:28 | Create | Villager (Male) |
| 21:32 | Build | Farm |
| 21:32 | Build | Farm |
| 21:32 | Build | Farm |
| 21:33 | Build | Farm |
| 21:33 | Build | Farm |
| 21:33 | Build | Farm |
| 21:37 | Build | Farm |
| 21:38 | Create | Villager (Male) |
| 21:54 | Create | Villager (Male) |
| 21:59 | Create | Villager (Male) |
| 21:59 | Create | Villager (Male) |
| 22:03 | Create | Villager (Male) |
| 22:06 | Build | House |
| 22:07 | Build | House |
| 22:07 | Build | House |
| 22:12 | Create | Villager (Male) |
| 22:17 | Create | Villager (Male) |
| 22:21 | Create | Villager (Male) |
| 22:24 | Create | Villager (Male) |
| 22:25 | Create | Villager (Male) |
| 22:32 | Create | Villager (Male) |
| 22:50 | Create | Villager (Male) |
| 22:52 | Create | Villager (Male) |
| 22:56 | Create | Villager (Male) |
Build order — Ainz_Own_Goal
First 150 of 344 actions detected
| 0:27 | Build | Town Center |
| 0:48 | Build | Dock |
| 2:23 | Build | House |
| 2:39 | Create | Villager (Male) |
| 2:39 | Create | Villager (Male) |
| 2:39 | Create | Villager (Male) |
| 2:40 | Create | Villager (Male) |
| 2:40 | Create | Villager (Male) |
| 3:39 | Create | Fishing Ship |
| 3:46 | Create | Villager (Male) |
| 3:46 | Create | Villager (Male) |
| 4:28 | Build | House |
| 4:38 | Create | Villager (Male) |
| 4:39 | Create | Villager (Male) |
| 4:58 | Create | Villager (Male) |
| 4:58 | Create | Villager (Male) |
| 5:33 | Create | Villager (Male) |
| 5:34 | Create | Villager (Male) |
| 5:38 | Build | Palisade Wall |
| 5:43 | Create | Fishing Ship |
| 5:47 | Build | Palisade Wall |
| 6:06 | Create | Villager (Male) |
| 6:07 | Create | Villager (Male) |
| 6:07 | Create | Villager (Male) |
| 6:21 | Create | Villager (Male) |
| 6:21 | Create | Villager (Male) |
| 6:25 | Build | House |
| 6:53 | Create | Villager (Male) |
| 6:53 | Create | Villager (Male) |
| 6:54 | Create | Villager (Male) |
| 6:55 | Create | Fishing Ship |
| 6:55 | Create | Fishing Ship |
| 7:11 | Create | Villager (Male) |
| 7:27 | Build | House |
| 7:31 | Create | Villager (Male) |
| 7:31 | Create | Villager (Male) |
| 7:32 | Create | Villager (Male) |
| 7:41 | Create | Villager (Male) |
| 7:42 | Create | Villager (Male) |
| 7:59 | Build | Palisade Wall |
| 8:02 | Build | House |
| 8:26 | Create | Villager (Male) |
| 8:31 | Build | House |
| 8:59 | Create | Villager (Male) |
| 9:02 | Create | Fishing Ship |
| 9:14 | Create | Fishing Ship |
| 9:17 | Build | House |
| 9:23 | Research | Loom |
| 9:24 | Research | Loom |
| 9:48 | Create | Villager (Male) |
| 9:58 | Build | Mining Camp |
| 10:04 | Create | Villager (Male) |
| 10:20 | Build | House |
| 10:54 | Research | Feudal Age |
| 10:54 | Research | Feudal Age |
| 11:21 | Create | Villager (Male) |
| 11:49 | Build | Dock |
| 12:19 | Build | House |
| 12:37 | Build | Dock |
| 12:41 | Create | Villager (Male) |
| 12:53 | Build | House |
| 13:04 | Age | Feudal Age |
| 13:06 | Create | Unit 2626 |
| 13:06 | Create | Unit 2626 |
| 13:09 | Create | Villager (Male) |
| 13:09 | Create | Villager (Male) |
| 13:24 | Create | Unit 2626 |
| 13:24 | Create | Unit 2626 |
| 13:36 | Create | Unit 2626 |
| 13:36 | Create | Unit 2626 |
| 13:57 | Create | Villager (Male) |
| 14:01 | Create | Unit 2626 ×2 |
| 14:01 | Create | Unit 2626 ×2 |
| 14:02 | Create | Unit 2626 ×2 |
| 14:15 | Create | Villager (Male) |
| 14:20 | Create | Villager (Male) |
| 14:23 | Build | House |
| 14:27 | Build | Mill |
| 14:39 | Create | Villager (Male) |
| 14:52 | Create | Villager (Male) |
| 15:06 | Build | Blacksmith |
| 15:14 | Create | Villager (Male) |
| 15:48 | Build | Market |
| 16:18 | Research | Castle Age |
| 16:18 | Research | Castle Age |
| 16:41 | Create | Galley |
| 16:41 | Create | Galley |
| 17:00 | Create | Fire Galley |
| 17:00 | Create | Fire Galley |
| 17:05 | Create | Fire Galley |
| 17:06 | Create | Fire Galley |
| 17:25 | Create | Villager (Male) |
| 17:29 | Create | Fire Galley |
| 17:30 | Create | Fire Galley |
| 17:37 | Build | Lumber Camp |
| 17:52 | Create | Unit 2626 ×2 |
| 17:52 | Create | Unit 2626 ×2 |
| 17:53 | Create | Villager (Male) |
| 17:57 | Build | House |
| 18:03 | Research | Double-Bit Axe |
| 18:03 | Research | Double-Bit Axe |
| 18:08 | Create | Villager (Male) |
| 18:12 | Create | Unit 2626 |
| 18:12 | Create | Unit 2626 |
| 18:13 | Create | Unit 2626 |
| 18:16 | Create | Villager (Male) |
| 18:29 | Build | House |
| 18:34 | Create | Unit 2626 |
| 18:34 | Create | Unit 2626 |
| 18:34 | Create | Unit 2626 |
| 18:37 | Create | Villager (Male) |
| 18:51 | Create | Unit 2626 ×2 |
| 18:51 | Create | Unit 2626 ×2 |
| 19:04 | Age | Castle Age |
| 19:11 | Research | Tech 905 |
| 19:11 | Research | Tech 905 |
| 19:18 | Create | Unit 2626 |
| 19:19 | Create | Unit 2626 |
| 19:20 | Create | Villager (Male) |
| 19:25 | Build | House |
| 19:42 | Create | Villager (Male) |
| 20:15 | Research | War Galley (upgrade) |
| 20:32 | Create | Villager (Male) |
| 20:40 | Create | Demolition Raft |
| 20:40 | Create | Demolition Raft |
| 20:42 | Create | Villager (Male) |
| 20:53 | Create | Villager (Male) |
| 20:56 | Create | Demolition Raft ×2 |
| 20:56 | Create | Demolition Raft ×2 |
| 20:57 | Create | Demolition Raft ×2 |
| 21:11 | Create | Unit 2626 ×2 |
| 21:12 | Create | Unit 2626 ×2 |
| 21:12 | Create | Unit 2626 ×2 |
| 21:13 | Create | Villager (Male) |
| 21:16 | Build | Town Center |
| 21:20 | Create | Villager (Male) |
| 21:24 | Build | Lumber Camp |
| 21:47 | Build | House |
| 21:54 | Create | Unit 2626 |
| 21:54 | Create | Unit 2626 |
| 21:56 | Create | Villager (Male) |
| 22:16 | Create | Unit 2626 |
| 22:16 | Create | Unit 2626 |
| 22:22 | Create | Villager (Male) |
| 22:22 | Create | Villager (Male) |
| 22:24 | Create | Villager (Male) |
| 22:39 | Build | Town Center |
| 22:57 | Create | Villager (Male) |
| 23:03 | Build | Lumber Camp |
| 23:32 | Create | Demolition Raft ×2 |
Build order — NOC | Mr.Dobbsn
First 150 of 499 actions detected
| 0:18 | Build | Dock |
| 0:42 | Build | Town Center |
| 2:50 | Create | Villager (Male) |
| 2:50 | Create | Villager (Male) |
| 2:51 | Create | Villager (Male) |
| 2:52 | Build | House |
| 2:53 | Create | Villager (Male) |
| 2:53 | Create | Villager (Male) |
| 2:54 | Create | Villager (Male) |
| 3:08 | Research | Loom |
| 3:08 | Research | Loom |
| 3:11 | Create | Villager (Male) |
| 3:11 | Create | Villager (Male) |
| 3:12 | Create | Villager (Male) |
| 3:12 | Create | Villager (Male) |
| 4:04 | Create | Fishing Ship |
| 4:05 | Create | Fishing Ship |
| 4:25 | Build | House |
| 4:34 | Create | Villager (Male) |
| 4:35 | Create | Villager (Male) |
| 5:11 | Create | Villager (Male) |
| 5:30 | Create | Villager (Male) |
| 5:31 | Create | Villager (Male) |
| 5:43 | Create | Fishing Ship |
| 5:51 | Build | House |
| 6:06 | Create | Villager (Male) |
| 6:06 | Create | Villager (Male) |
| 6:26 | Create | Villager (Male) |
| 6:27 | Create | Villager (Male) |
| 6:32 | Create | Fishing Ship |
| 6:32 | Create | Fishing Ship |
| 6:49 | Create | Villager (Male) |
| 6:49 | Create | Villager (Male) |
| 7:04 | Create | Villager (Male) |
| 7:04 | Create | Villager (Male) |
| 7:06 | Create | Fishing Ship |
| 7:24 | Build | House |
| 7:27 | Create | Villager (Male) |
| 7:28 | Create | Villager (Male) |
| 7:36 | Create | Villager (Male) |
| 7:36 | Create | Villager (Male) |
| 7:48 | Create | Fishing Ship |
| 7:48 | Create | Fishing Ship |
| 7:55 | Create | Villager (Male) |
| 7:55 | Create | Villager (Male) |
| 8:03 | Create | Fishing Ship |
| 8:12 | Create | Villager (Male) |
| 8:38 | Build | House |
| 8:43 | Create | Villager (Male) |
| 9:01 | Create | Fishing Ship |
| 9:10 | Build | House |
| 9:15 | Create | Villager (Male) |
| 9:29 | Create | Fishing Ship |
| 9:39 | Build | Dock |
| 9:41 | Build | House |
| 9:42 | Create | Villager (Male) |
| 9:54 | Build | Lumber Camp |
| 10:19 | Create | Fishing Ship |
| 10:27 | Create | Fishing Ship |
| 10:40 | Create | Fishing Ship |
| 10:41 | Create | Villager (Male) |
| 10:50 | Create | Fishing Ship |
| 10:56 | Build | House |
| 11:02 | Create | Villager (Male) |
| 11:11 | Create | Villager (Male) |
| 11:12 | Create | Fishing Ship |
| 11:25 | Create | Villager (Male) |
| 11:36 | Build | Mill |
| 11:49 | Create | Fishing Ship |
| 12:01 | Create | Fishing Ship |
| 12:12 | Build | Mill |
| 12:24 | Create | Villager (Male) |
| 12:27 | Create | Fishing Ship |
| 12:39 | Build | Palisade Wall |
| 12:47 | Build | Palisade Wall |
| 12:47 | Build | Palisade Wall |
| 12:56 | Create | Villager (Male) |
| 13:03 | Create | Fishing Ship |
| 13:05 | Build | Mining Camp |
| 13:07 | Build | House |
| 13:08 | Research | Feudal Age |
| 13:08 | Research | Feudal Age |
| 13:18 | Create | Villager (Male) |
| 13:42 | Create | Fishing Ship |
| 13:42 | Create | Fishing Ship |
| 14:19 | Create | Villager (Male) |
| 14:23 | Create | Fishing Ship |
| 14:50 | Create | Fishing Ship |
| 15:17 | Create | Fishing Ship |
| 15:29 | Build | House |
| 15:31 | Age | Feudal Age |
| 15:32 | Build | Blacksmith |
| 15:34 | Build | Market |
| 15:38 | Research | Double-Bit Axe |
| 15:46 | Create | Unit 2626 |
| 15:59 | Create | Unit 2626 |
| 15:59 | Create | Unit 2626 |
| 16:10 | Research | Horse Collar |
| 16:12 | Create | Villager (Male) |
| 16:23 | Research | Castle Age |
| 16:23 | Research | Castle Age |
| 16:29 | Create | Villager (Male) |
| 16:34 | Research | Tech 906 |
| 16:34 | Research | Tech 906 |
| 16:37 | Create | Unit 2626 |
| 16:37 | Create | Unit 2626 |
| 17:16 | Create | Unit 2626 |
| 17:16 | Create | Unit 2626 |
| 17:30 | Build | House |
| 17:59 | Build | House |
| 18:07 | Create | Unit 2626 |
| 18:52 | Create | Villager (Male) |
| 19:03 | Create | Unit 2626 |
| 19:04 | Age | Castle Age |
| 19:06 | Research | War Galley (upgrade) |
| 19:10 | Build | Town Center |
| 19:13 | Build | Town Center |
| 19:16 | Research | Bow Saw |
| 19:18 | Create | Villager (Male) |
| 19:23 | Create | Villager (Male) |
| 19:34 | Create | Unit 2626 |
| 19:34 | Create | Unit 2626 |
| 19:40 | Create | Villager (Male) |
| 19:43 | Create | Unit 2626 |
| 19:44 | Create | Unit 2626 |
| 19:51 | Create | Villager (Male) |
| 19:55 | Create | Villager (Male) |
| 20:04 | Research | Gillnets |
| 20:23 | Create | Villager (Male) |
| 20:25 | Create | Villager (Male) |
| 20:25 | Create | Villager (Male) |
| 20:27 | Research | Horse Collar |
| 20:31 | Create | Villager (Male) |
| 20:32 | Create | Villager (Male) |
| 20:34 | Create | Villager (Male) |
| 20:35 | Create | Unit 2626 |
| 20:35 | Create | Unit 2626 |
| 20:40 | Create | Villager (Male) |
| 20:43 | Create | Villager (Male) |
| 20:43 | Create | Villager (Male) |
| 20:54 | Create | Villager (Male) |
| 20:57 | Create | Villager (Male) |
| 20:57 | Create | Villager (Male) |
| 20:59 | Research | Heavy Plow |
| 21:07 | Create | Villager (Male) |
| 21:10 | Build | House |
| 21:11 | Create | Villager (Male) |
| 21:24 | Create | Villager (Male) |
| 21:31 | Build | Town Center |
| 21:31 | Create | Villager (Male) |
Match timeline
| 0:18 | NOC | Mr.Dobbsn · first_building Dock |
| 0:26 | Sorrateiro · first_building Dock |
| 0:33 | NOC | Running · first_building Dock |
| 0:39 | NOC | Madtomski · first_building Dock |
| 0:43 | Wiwu · first_building Dock |
| 0:48 | Ainz_Own_Goal · first_building Dock |
| 1:11 | Sorrateiro · wall_segment Palisade Wall x1 |
| 1:12 | Sorrateiro · wall_segment Palisade Wall x1 |
| 1:37 | DYS.Chipmunk · first_building Dock |
| 2:08 | Nervkeks · first_building Dock |
| 3:07 | DYS.Chipmunk · wall_segment Palisade Wall x1 |
| 3:09 | DYS.Chipmunk · wall_segment Palisade Wall x1 |
| 3:11 | DYS.Chipmunk · wall_segment Palisade Wall x1 |
| 3:12 | DYS.Chipmunk · wall_segment Palisade Wall x1 |
| 3:13 | DYS.Chipmunk · wall_segment Palisade Wall x1 |
| 5:38 | Ainz_Own_Goal · wall_segment Palisade Wall x1 |
| 5:47 | Ainz_Own_Goal · wall_segment Palisade Wall x1 |
| 7:59 | Ainz_Own_Goal · wall_segment Palisade Wall x1 |
| 9:05 | DYS.Chipmunk · wall_segment Palisade Wall x1 |
| 9:06 | DYS.Chipmunk · wall_segment Palisade Wall x1 |
| 9:09 | DYS.Chipmunk · wall_segment Palisade Wall x1 |
| 10:01 | Sorrateiro · wall_segment Palisade Wall x7 |
| 10:04 | Sorrateiro · wall_segment Palisade Wall x4 |
| 10:13 | NOC | Madtomski · wall_segment Palisade Wall x1 |
| 11:59 | Wiwu · age_up feudal |
| 12:07 | NOC | Madtomski · age_up feudal |
| 12:39 | NOC | Mr.Dobbsn · wall_segment Palisade Wall x1 |
| 12:47 | NOC | Mr.Dobbsn · wall_segment Palisade Wall x1 |
| 12:47 | NOC | Mr.Dobbsn · wall_segment Palisade Wall x1 |
| 13:04 | Ainz_Own_Goal · age_up feudal |
| 13:24 | Sorrateiro · first_building Barracks |
| 14:11 | Sorrateiro · age_up feudal |
| 14:14 | Sorrateiro · first_building Stable |
| 14:15 | DYS.Chipmunk · age_up feudal |
| 14:49 | NOC | Running · age_up feudal |
| 14:52 | NOC | Running · wall_segment Stone Wall x1 |
| 15:00 | Wiwu · first_market_buy 100 wood |
| 15:31 | NOC | Mr.Dobbsn · age_up feudal |
| 15:41 | Nervkeks · age_up feudal |
| 15:55 | Wiwu · age_up castle |
| 16:03 | NOC | Madtomski · age_up castle |
| 16:10 | Nervkeks · wall_segment Palisade Wall x1 |
| 16:10 | Nervkeks · wall_segment Palisade Wall x1 |
| 16:11 | Nervkeks · wall_segment Palisade Wall x1 |
| 17:12 | Nervkeks · wall_segment Palisade Wall x5 |
| 17:54 | DYS.Chipmunk · age_up castle |
| 17:54 | NOC | Mr.Dobbsn · first_market_sell 100 food |
| 17:55 | NOC | Mr.Dobbsn · first_market_buy 100 wood |
| 18:11 | Ainz_Own_Goal · first_market_sell 100 food |
| 18:23 | DYS.Chipmunk · first_building Castle |
| 19:04 | NOC | Mr.Dobbsn · age_up castle |
| 19:04 | Ainz_Own_Goal · age_up castle |
| 19:14 | NOC | Running · age_up castle |
| 19:24 | NOC | Madtomski · first_market_buy 100 food |
| 19:30 | Wiwu · first_building Barracks |
| 19:33 | DYS.Chipmunk · first_market_buy 100 food |
| 19:40 | Nervkeks · age_up castle |
| 19:46 | Sorrateiro · age_up castle |
| 19:49 | Nervkeks · first_market_buy 100 stone |
| 20:06 | Nervkeks · first_building Monastery |
| 20:07 | Sorrateiro · first_building Monastery |
| 20:14 | Nervkeks · first_building Siege Workshop |
| 20:55 | DYS.Chipmunk · first_market_sell 100 stone |
| 21:13 | NOC | Madtomski · first_market_sell 100 wood |
| 21:50 | Nervkeks · first_market_sell 500 food |
| 22:08 | NOC | Mr.Dobbsn · first_building Monastery |
| 22:18 | NOC | Mr.Dobbsn · wall_segment Palisade Wall x1 |
| 22:19 | NOC | Mr.Dobbsn · wall_segment Palisade Wall x1 |
| 22:21 | Wiwu · first_building Siege Workshop |
| 22:34 | Ainz_Own_Goal · first_market_buy 100 wood |
| 22:48 | NOC | Running · first_market_buy 100 stone |
| 22:49 | NOC | Running · first_building Castle |
| 23:34 | NOC | Running · wall_segment Palisade Wall x1 |
| 23:42 | Wiwu · first_building Archery Range |
| 23:43 | Nervkeks · first_building Castle |
| 24:01 | DYS.Chipmunk · first_building Siege Workshop |
| 25:17 | NOC | Running · first_market_sell 100 food |
| 25:24 | NOC | Mr.Dobbsn · wall_segment Palisade Wall x1 |
| 25:28 | Nervkeks · first_building Barracks |
| 26:01 | NOC | Madtomski · first_building Castle |
| 26:14 | NOC | Mr.Dobbsn · wall_segment Palisade Wall x1 |
| 26:55 | Sorrateiro · first_market_buy 100 stone |
| 27:05 | Wiwu · first_building Castle |
| 27:43 | Nervkeks · age_up imperial |
| 28:06 | Nervkeks · first_building Archery Range |
| 28:07 | Nervkeks · first_building Stable |
| 28:30 | NOC | Running · age_up imperial |
| 29:37 | NOC | Mr.Dobbsn · first_building Castle |
| 29:41 | NOC | Mr.Dobbsn · first_building Barracks |
| 30:04 | Ainz_Own_Goal · first_building Castle |
| 31:04 | NOC | Madtomski · age_up imperial |
| 31:27 | NOC | Mr.Dobbsn · age_up imperial |
| 33:10 | Sorrateiro · first_building Castle |
| 33:17 | Sorrateiro · wall_segment Palisade Wall x1 |
| 34:00 | DYS.Chipmunk · wall_segment Stone Wall x1 |
| 34:03 | Wiwu · age_up imperial |
| 34:17 | DYS.Chipmunk · wall_segment Stone Wall x2 |
| 34:27 | DYS.Chipmunk · wall_segment Stone Wall x12 |
| 34:32 | DYS.Chipmunk · wall_segment Stone Wall x10 |
| 34:59 | DYS.Chipmunk · wall_segment Stone Wall x2 |
| 35:32 | DYS.Chipmunk · first_building Barracks |
| 35:41 | Wiwu · resign |
[ AI ANALYSIS · 1 CREDIT ]
What really happened in this match?
Wolo.gg analyzes every decision: build order, eco, micro, common mistakes by bracket. Personalized analysis on WhatsApp or Discord in 30 seconds.
Civ guide
Maya
Perfil
Jugador #408571